[Event "Elegant Academy GM Aspirant-II"]
[Site "Dhaka"]
[Date "2024.02.27"]
[Round "9.3"]
[White "Mayank Chakraborty"]
[Black "Siddharth, Jagadeesh"]
[Result "1/2-1/2"]
[ECO "A49"]
[WhiteElo "2409"]
[BlackElo "2457"]
[Annotator "TA"]
[PlyCount "37"]
[EventDate "2024.02.21"]
[EventType "tourn"]
[EventCountry "BAN"]
[SourceTitle "playchess.com"]
[Source "ChessBase"]
[SourceQuality "1"]
[TimeControl "5400+30"]

1. Nf3 Nf6 2. g3 g6 3. b3 Bg7 4. Bb2 O-O 5. Bg2 d6 6. d4 a5 7. O-O a4 8. c4 axb3 9. axb3 Rxa1 10. Bxa1 c6 11. Nc3 Na6 {[%emt 0:00:06] The position is equal.} 12. e4 Bg4 13. h3 Bxf3 14. Bxf3 Nd7 15. Na4 Nb6 16. Nc3 Nd7 17. Na4 Nb6 18. Nc3 Nd7 19. Na4 {[%emt 1:28:12] An uneventful encounter.   Weighted Error Value: White=0.06 (flawless) /Black=0.03 (flawless) .  Inaccurate:     	White=1     	---        OK:         	White=4     	Black=6} 1/2-1/2

[Event "Elegant Academy GM Aspirant-II"]
[Site "Dhaka"]
[Date "2024.02.27"]
[Round "9.5"]
[White "Rahman, Ziaur"]
[Black "Liyanage, Ranindu Dilshan"]
[Result "1/2-1/2"]
[ECO "D02"]
[WhiteElo "2428"]
[BlackElo "2366"]
[Annotator "RC"]
[PlyCount "20"]
[EventDate "2024.02.21"]
[EventType "tourn"]
[EventCountry "BAN"]
[SourceTitle "playchess.com"]
[Source "ChessBase"]
[SourceQuality "1"]
[TimeControl "5400+30"]

1. Nf3 d5 2. g3 g6 3. Bg2 Bg7 4. d4 Nf6 5. O-O O-O 6. c3 c6 7. Nbd2 Bf5 8. Nh4 Bc8 9. Nhf3 Bf5 10. Nh4 Bc8 1/2-1/2